 Dungeon Crawl Stone Soup version 0.28.0-45-g0d030f2227 (webtiles) character file.

Game seed: 6364340272044130726

57 zeratav the Insei (level 4, -11/29 HPs)
             Began as an Octopode Transmuter on Apr 7, 2022.
             Mangled by an ogre
             ... wielding a +0 giant club
              (30 damage)
             ... on level 2 of the Dungeon.
             The game lasted 00:06:36 (1765 turns).

zeratav the Insei (Octopode Transmuter)             Turns: 1765, Time: 00:06:37

Health: -11/29     AC:  1    Str: 11    XL:     4   Next: 0%
Magic:  6/7        EV: 13    Int: 15    God:
Gold:   35         SH:  0    Dex: 12    Spells: 6/7 levels left

rFire   . . .      SeeInvis .     - Unarmed
rCold   . . .      Faith    .   (no shield)
rNeg    . . .      Spirit   .   (helmet currently unavailable)
rPois   .          Reflect  .   (no amulet)
rElec   .          Harm     .   (no ring)
rCorr   .          Rampage  .   (no ring)
Will    .....                   (no ring)
Stlth   +++.......              (no ring)
HPRegen 0.09/turn               (no ring)
MPRegen 0.10/turn               (no ring)
                                (no ring)
                                (no ring)

@: appendages
A: tentacle spike 3, almost no armour, amphibious, 8 rings, camouflage 1,
gelatinous body 1, nimble swimmer 1, tentacles
a: End Transformation


You were on level 2 of the Dungeon.
One of your tentacles had grown a beastly spike.
You visited 1 branch of the dungeon, and saw 2 of its levels.

You collected 35 gold pieces.

Inventory:

Magical Staves
 f - a staff of cold
Jewellery
 c - a ring of fire
Scrolls
 a - a scroll of vulnerability {unknown}
 e - 2 scrolls of enchant armour {unknown}
Potions
 b - 2 potions of curing {unknown}
 d - a potion of brilliance {unknown}


   Skills:
 + Level 1.9 Fighting
 + Level 2.6 Dodging
 * Level 4.0 Unarmed Combat
 - Level 2.0 Spellcasting
 - Level 2.0 Transmutations


You had 6 spell levels left.
You knew the following spells:

 Your Spells              Type           Power      Damage    Failure   Level
a - Beastly Appendage     Tmut           14%        N/A       10%         1

Your spell library contained the following spells:

 Spells                   Type           Power      Damage    Failure   Level
 Wereblood                Tmut           7%         N/A       14%         2
 Spider Form              Tmut/Pois      4%         N/A       41%         3
 Ice Form                 Ice/Tmut       4%         N/A       82%         4


Dungeon Overview and Level Annotations

Branches:
Dungeon (2/15)

Altars:
Uskayaw


Innate Abilities, Weirdness & Mutations

One of your tentacles has grown a beastly spike.
You cannot wear most types of armour.
You are amphibious.
You can wear up to eight rings at the same time.
Your skin changes colour to match your surroundings (Stealth+).
Your rubbery body absorbs attacks. (AC +1, EV +1)
You are camouflaged when in or above water. (Stealth+)
You have tentacles for arms and can constrict up to eight enemies at once.


Message History

The giant cockroach is moderately wounded.
You constrict the giant cockroach, but do no damage.
The giant cockroach bites you.
You tentacle-slap the giant cockroach. You squeeze the giant cockroach.
You kill the giant cockroach!
You have reached level 4!
Your transformation is almost over.
Your tentacle spike disappears.
Found a stone staircase leading down.
There is a stone staircase leading down here.
Casting: Beastly Appendage (safe; 10% risk of failure)
Confirm with . or Enter, or press ? or * to list all spells.
One of your tentacles grows a vicious spike.
Your transformation is almost over.
A goblin comes into view. It is wielding a +0 club.
The goblin moves out of view.
A giant cockroach comes into view.
Your tentacle spike disappears.
An adder comes into view.
Casting: Beastly Appendage (safe; 10% risk of failure)
Confirm with . or Enter, or press ? or * to list all spells.
One of your tentacles grows a vicious spike.
The goblin shouts! x2; The adder hisses angrily.
You hear an angry hiss.
The ogre shouts!
The adder bites you.
The goblin throws a stone.
The stone closely misses you.
You closely miss the adder. Your grab misses the adder.
The adder closely misses you. The adder bites you.
The frilled lizard hisses angrily.
You tentacle-slap the adder. Your grab misses the adder.
Your tentacle-slap misses the adder.
The adder is moderately wounded.
The adder misses you.
You tentacle-slap the plant.
The plant begins to die.
You grab the plant.
You pierce the plant.
The plant is lightly damaged.
You constrict the plant, but do no damage.
The adder bites you.
The ogre hits you with a +0 giant club!!
Ouch! That really hurt!
You die...

#.# #.# ##.###.#
#......# #..##### #..#
#..########.
♣♣..........
♣♣♣♣♣♣♣♣....#####
#.#≈♣≈≈≈@P≈≈♣##......
..≈≈≈≈≈OS≈≈≈♣ ######
...≈≈.≈gg≈≈≈≈♣
........B.≈≈P≈≈≈.
....w.......l....#
♣≈≈.≈....≈......##
≈≈≈≈≈≈≈♣≈≈≈≈.♣..#####.
≈≈≈≈≈≈≈≈≈≈≈≈≈♣.......
≈≈≈≈≈≈P≈≈≈≈≈≈......##


You could see an ogre, a worm, an adder, a giant cockroach, 2 goblins and a
frilled lizard.

Vanquished Creatures
  A gnoll (D:1)
  A dart slug (D:1)
  6 ball pythons
  2 endoplasms (D:1)
  2 giant cockroaches
  3 goblins (D:1)
  7 hobgoblins
  7 jackals (D:1)
  A quokka (D:1)
  2 bats (D:1)
  2 frilled lizards
  2 kobolds
  2 rats
38 creatures vanquished.

Vanquished Creatures (others)
  14 plants (D:2)
14 creatures vanquished.

Grand Total: 52 creatures vanquished

Notes
Turn   | Place    | Note
-------+----------+-------------------------------------------
     0 | D:1      | zeratav the Octopode Transmuter began the quest for the
                  | Orb.
     0 | D:1      | Reached XP level 1. HP: 13/13 MP: 3/3
    11 | D:1      | Found a hide-covered altar of Uskayaw.
    98 | D:1      | Reached XP level 2. HP: 17/18 MP: 3/5
   488 | D:1      | Reached XP level 3. HP: 16/24 MP: 4/6
  1407 | D:2      | Noticed an ogre
  1492 | D:2      | Reached skill level 4 in Unarmed Combat
  1667 | D:2      | Found a faded altar of an unknown god.
  1694 | D:2      | Reached XP level 4. HP: 27/29 MP: 5/7
  1765 | D:2      | Mangled by an ogre

Illustrated notes

Levels and vault maps discovered:
D:1:      lightli_molten_gateway, layout_rooms, serial_co_window_serial,
          co_window_corner_a, co_window_cross_1, co_window_of_opportunity_a,
          co_window_paths_a, co_window_paths_b, co_window_corner_ca,
          co_window_broadway_c, co_window_corner_cb, co_window_unsneaky_path_d,
          co_window_corner_ca, co_window_paths_d, glass_columns_b,
          grunt_decor_resistance, kennysheep_flooded_box
D:2:      layout_basic, ebering_ecumenical_altar_petrified, serial_shops, shop,
          serial_bayou_ford_a

Skill      XL: |  1  2  3 |
---------------+----------+-----
Unarmed Combat | 4 |  4.0
Fighting       | |  1.9
Dodging        | |  2.6
Spellcasting   | |  2.0
Transmutations | |  2.0

Action                   |  1- 3 |  4- 6 || total
-------------------------+-------+-------++-------
Melee: Unarmed           |    69 |     3 ||    72
       Tentacles         |    15 |       ||    15
       Constrict         |    19 |     1 ||    20
       Kick              |    11 |     1 ||    12
       Punch             |     2 |       ||     2
 Cast: Beastly Appendage |    22 |     2 ||    24
 Stab: Sleeping          |     3 |       ||     3
Armor: Skin              |     3 |       ||     3
Dodge: Dodged            |    43 |     3 ||    46
